 Dungeon Crawl Stone Soup version 0.28-a0-1080-g05a166d0ed (webtiles) character file.

Game seed: 11692289291858048320

651 ytrimaz the Insei (level 7, -11/50 HPs)
             Began as a Djinni Gladiator on Dec 9, 2021.
             Was an Initiate of Qazlal.
             Mangled by a two-headed ogre (13 damage)
             ... on level 5 of the Dungeon.
             The game lasted 00:04:45 (4907 turns).

ytrimaz the Insei (Djinni Gladiator)                Turns: 4907, Time: 00:04:46

Health: -11/50     AC:  7    Str: 17    XL:     7   Next: 83%
Gold:   161        EV: 13    Int: 15    God:    Qazlal [......] SH:  0 Dex: 15

rFire   + + .      SeeInvis .     - Unarmed
rCold   x . .      Faith    .   (no shield)
rNeg    . . .      Spirit   .   a - +0 leather armour
rPois   ∞          Reflect  .   b - +0 helmet
rElec   .          Harm     .   n - +2 cloak
rCorr   +          Rampage  .   (no gloves)
Will    .....                   (boots unavailable)
Stlth   +.........              (no amulet)
HPRegen 0.16/turn               d - ring of Kolasuss {Wiz rCorr Str+2}
MPRegen 0.00/turn               i - +6 ring of intelligence

@: flying
A: sickness immunity, fire resistance 2, cold vulnerability 1, float, innate
caster, hp casting, extra vitality 1
a: Renounce Religion


You were on level 5 of the Dungeon.
You worshipped Qazlal.
Qazlal was noncommittal.
You visited 2 branches of the dungeon, and saw 6 of its levels.

You collected 161 gold pieces.

Inventory:

Missiles
 c - 4 throwing nets
Armour
 a - a +0 leather armour (worn)
 b - a +0 helmet (worn)
 n - a +2 cloak (worn)
Jewellery
 d - the ring of Kolasuss (left hand) {Wiz rCorr Str+2}
   (You acquired it on level 2 of the Dungeon)

   [ring of wizardry]

   It improves your spell success rate.
   Str:       It affects your strength (+2).
   rCorr:     It protects you from acid and corrosion.
 i - a +6 ring of intelligence (right hand)
Wands
 k - a wand of paralysis (3)
Scrolls
 f - a scroll of fog
 j - 6 scrolls of teleportation
 l - a scroll of identify
 o - 2 scrolls of enchant weapon
Potions
 e - 3 potions of attraction
 g - a potion of lignification
 h - 3 potions of haste {unknown}
 m - a potion of degeneration {unknown}


   Skills:
 + Level 3.2 Fighting
 + Level 1.8 Throwing
 + Level 4.8 Dodging
 + Level 6.2 Unarmed Combat
 * Level 2.2 Spellcasting
 * Level 1.1 Invocations


You had 5 spell levels left.
You knew the following spells:

 Your Spells              Type           Power      Damage    Failure   Level
a - Sandblast             Erth           16%        2d6       4%          1
b - Call Imp              Summ           8%         N/A       6%          2
c - Ensorcelled Hibernat  Hex/Ice        16%        N/A       6%          2
Your spell library was empty.

Dungeon Overview and Level Annotations

Branches:
Dungeon (5/15)             Temple (1/1) D:4

Altars:
Cheibriados
Dithmenos
Elyvilon
Fedhas
Gozag
Hepliaklqana
Kikubaaqudgha
Makhleb
Okawaru
Qazlal
Ru
Sif Muna
Trog
Wu Jian
Xom
Yredelemnul
Zin


Innate Abilities, Weirdness & Mutations

You are immune to sickness and miasma.
You are immune to poison.
Your flesh is very heat resistant. (rF++)
You are vulnerable to cold. (rC-)
You float through the air rather than walking.
You learn spells naturally, not from books.
Your magical power is your life essence.
You have superior vitality. (+4 HP)


Message History

Casting: Ensorcelled Hibernation (safe; 6% risk of failure)
Confirm with . or Enter, or press ? or * to list all spells.
Aiming: Ensorcelled Hibernation (safe; 6% risk of failure)
Press: ? - help, Shift-Dir - straight line, f/p - two-headed ogre
Aim: a two-headed ogre, wielding two +0 giant spiked clubs (lightly wounded, ally target, chance to affect: 23%)
The two-headed ogre resists with almost no effort.
Your iron imp hits the two-headed ogre!
The two-headed ogre barely misses you.
The two-headed ogre hits you with a +0 giant spiked club!!
Your iron imp hits the two-headed ogre.
Your iron imp hits the two-headed ogre!
Casting: Ensorcelled Hibernation (safe; 6% risk of failure)
Confirm with . or Enter, or press ? or * to list all spells.
Aiming: Ensorcelled Hibernation (safe; 6% risk of failure)
Press: ? - help, Shift-Dir - straight line, f/p - two-headed ogre
Aim: a two-headed ogre, wielding two +0 giant spiked clubs (heavily wounded, ally target, chance to affect: 23%)
The two-headed ogre resists with almost no effort.
Unknown command.
Casting: Ensorcelled Hibernation (safe; 6% risk of failure)
Confirm with . or Enter, or press ? or * to list all spells.
Aiming: Ensorcelled Hibernation (safe; 6% risk of failure)
Press: ? - help, Shift-Dir - straight line, f/p - two-headed ogre
Aim: a two-headed ogre, wielding two +0 giant spiked clubs (heavily wounded, ally target, chance to affect: 23%)
The two-headed ogre resists with almost no effort.
The two-headed ogre misses you. The two-headed ogre closely misses you.
Unknown command.
Your iron imp hits the two-headed ogre.
Casting: Ensorcelled Hibernation (safe; 6% risk of failure)
Confirm with . or Enter, or press ? or * to list all spells.
Aiming: Ensorcelled Hibernation (safe; 6% risk of failure)
Press: ? - help, Shift-Dir - straight line, f/p - two-headed ogre
Aim: a two-headed ogre, wielding two +0 giant spiked clubs (heavily wounded, ally target, chance to affect: 23%)
The two-headed ogre looks drowsy...
Unknown command.
The helpless two-headed ogre fails to defend itself.
You hit the two-headed ogre.
The two-headed ogre is heavily wounded.
The two-headed ogre hits you with a +0 giant spiked club!!
* * * LOW HITPOINT WARNING * * *
The two-headed ogre hits you with a +0 giant spiked club!
You die...

######.. ............#
#...<#.##########......#
#.####.#...............#
#.# #.#.#######.......#
#.# #.#.#..# #.......#
#.# #.#.#..####.#.#####
#.####.#.#.....#5#.#
#.[..........#.#O#.#
######.#.#####.#@#.#
#.#.......#.#.#
#.#########.# #.. ..#
### ###


You could see a two-headed ogre (ally target) and a friendly iron imp
(summoned).

Vanquished Creatures
  A black bear (D:4)
  A centaur (D:4)
  A necrophage (D:3)
  A phantom (D:4)
  A howler monkey (D:4)
  A jelly (D:4)
  A hound (D:4)
  An orc wizard (D:4)
  4 gnolls (D:3)
  7 adders
  A shadow imp (D:5)
  An ufetubus (D:4)
  An adder skeleton (D:4)
  2 dart slugs
  3 orcs
  6 ball pythons
  7 endoplasms
  6 hobgoblins
  2 jackals (D:1)
  3 quokkas
  A bat (D:1)
  A frilled lizard (D:3)
  7 goblins
  3 rats
63 creatures vanquished.

Vanquished Creatures (collateral kills)
  A worm (D:4)
  An endoplasm (D:4)
  A kobold (D:4)
  2 ball pythons
5 creatures vanquished.

Grand Total: 68 creatures vanquished

Notes
Turn   | Place    | Note
-------+----------+-------------------------------------------
     0 | D:1      | ytrimaz the Djinni Gladiator began the quest for the Orb.
     0 | D:1      | Reached XP level 1. HP: 18/18 MP: 0/0
   434 | D:1      | Reached XP level 2. HP: 17/23 MP: 0/0
   686 | D:1      | Found a faded altar of an unknown god.
  1060 | D:2      | Reached XP level 3. HP: 22/28 MP: 0/0
  1060 | D:2      | Learned a level 1 spell: Sandblast
  1421 | D:2      | Identified a scroll of acquirement
  1426 | D:2      | Reached XP level 4. HP: 33/33 MP: 0/0
  1427 | D:2      | Acquired the ring of Kolasuss {Wiz rCorr Str+2}
  1952 | D:3      | Reached skill level 4 in Unarmed Combat
  1978 | D:3      | Reached XP level 5. HP: 6/38 MP: 0/0
  1978 | D:3      | Learned a level 2 spell: Call Imp
  2376 | D:3      | Reached skill level 1 in Spellcasting
  2516 | D:3      | Noticed a necrophage
  2523 | D:3      | Killed a necrophage
  2524 | D:3      | Reached XP level 6. HP: 21/45 MP: 0/0
  2762 | D:3      | Found an ornate altar of the Wu Jian Council.
  2763 | D:3      | Found a stormy altar of Qazlal.
  2764 | D:3      | Found a basalt altar of Yredelemnul.
  2771 | D:3      | Became a worshipper of Qazlal Stormbringer
  2926 | D:4      | Found a staircase to the Ecumenical Temple.
  2936 | Temple   | Entered the Ecumenical Temple
  3087 | D:4      | Noticed a black bear
  3097 | D:4      | Killed a black bear
  3098 | D:4      | Reached skill level 5 in Unarmed Combat
  3356 | D:4      | HP: 2/45 [phantom (3)]
  3362 | D:4      | Reached XP level 7. HP: 4/49 MP: 0/0
  3362 | D:4      | Learned a level 2 spell: Ensorcelled Hibernation
  3979 | D:4      | Reached skill level 6 in Unarmed Combat
  4547 | D:4      | Reached skill level 1 in Invocations
  4844 | D:5      | Entered Level 5 of the Dungeon
  4891 | D:5      | Noticed a two-headed ogre
  4907 | D:5      | HP: 2/50 [two-headed ogre (20)]
  4907 | D:5      | Mangled by a two-headed ogre

Illustrated notes

Levels and vault maps discovered:
D:1:      minmay_arrival_three_doors, layout_loops_corners,
          nicolae_ecumenical_lake_church
D:2:      layout_basic, minmay_misc_feat_four_crosses, lemuel_another_geyser
D:3:      layout_loops_ring, chequers_temple_overflow_statue_of_worship,
          minmay_divided_ellipse, uniq_crazy_yiuf_cottage
D:4:      wad_river_or_something, layout_basic,
          minmay_temple_entry_statues_pillars
D:5:      layout_basic, serial_shops, nicolae_shop_trees
Temple:   jpeg_temple_clearing

Skill      XL: |  1  2  3  4  5  6  7 |
---------------+----------------------+-----
Unarmed Combat | 4 5 6 |  6.2
Dodging        | 4 |  4.8
Spellcasting   | 1 2 |  2.2
Fighting       | 3 |  3.2
Invocations    | 1 |  1.1
Throwing       | |  1.8

Action                   |  1- 3 |  4- 6 |  7- 9 || total
-------------------------+-------+-------+-------++-------
Melee: Unarmed           |    81 |   123 |    94 ||   298
       Punch             |     1 |     4 |     1 ||     6
 Cast: Call Imp          |       |     6 |     7 ||    13
       Ensorcelled Hiber |       |       |     5 ||     5
  Use: Scroll            |     3 |     2 |     4 ||     9
       Potion            |       |     1 |       ||     1
 Stab: Distracted        |       |     1 |       ||     1
       Sleeping          |       |       |     4 ||     4
Armor: Leather armour    |    17 |    19 |    42 ||    78
Dodge: Dodged            |    41 |    65 |    83 ||   189

Table legend: (Time is in decaauts)
 A = Elapsed time spent in this place.
 B = Non-inter-level travel time spent in this place.
 C = Inter-level travel time spent in this place.
 D = Time resting spent in this place.
 E = Time spent auto-exploring this place.
 F = Levels seen in this place.
 G = Mean time per level.
                   A        B        C        D        E       F      G
               +--------+--------+--------+--------+--------+-----+--------+
         Total |   4880 |   4772 |    108 |     73 |   4033 |   6 |  813.3 |
       Dungeon |   4772 |   4676 |     96 |     73 |   3951 |   5 |  954.4 |
        Temple |    107 |     95 |     12 |      0 |     82 |   1 |  107.0 |
               +--------+--------+--------+--------+--------+-----+--------+

Top non-repeatable levels by time:
     D:4: 1931 daAuts
     D:1: 1005 daAuts
     D:2: 892 daAuts
     D:3: 881 daAuts
  Temple: 107 daAuts
     D:5: 62 daAuts
